 Dungeon Crawl Stone Soup version 0.26-a0-670-g578ab304f5 (webtiles) character file.

Game seed: 8888532047542760714

2613 Hypoxia the Cleaver (level 9, -1/78 HPs)
             Began as a Deep Dwarf Delver on Oct 19, 2020.
             Was a Believer of Makhleb.
             Slain by a gnoll shaman
             ... wielding a +0 halberd
              (9 damage)
             ... in a bailey.
             The game lasted 00:27:34 (1303 turns).

Hypoxia the Cleaver (Deep Dwarf Delver)             Turns: 1303, Time: 00:27:35

Health: -1/78      AC: 12    Str: 19    XL:     9   Next: 34%
Magic:  2/2        EV:  6    Int: 11    God:    Makhleb [**....]
Gold:   74         SH:  7    Dex: 14    Spells: 8/8 levels left

rFire    . . .     SeeInvis .   a - +0 hand axe (vorpal)
rCold    . . .     Faith    .   l - +0 kite shield
rNeg     . . .     Spirit   .   h - +0 chain mail
rPois    .         Reflect  .   d - +0 helmet
rElec    .         Harm     .   n - +0 cloak
rCorr    .         Rampage  .   (no gloves)
MR       ++...                  (no boots)
Stlth    ..........             (no amulet)
HPRegen  0.00/turn              y - +4 ring of slaying
MPRegen  0.08/turn              m - ring of protection from magic

@: non-regenerating
A: damage resistance, heal wounds, talons 1, mutation resistance 1, sense
surroundings 2, no regeneration
a: Heal Wounds, Minor Destruction, Renounce Religion


You were in a bailey.
You worshipped Makhleb.
Makhleb was pleased with you.
You visited 1 branch of the dungeon, and saw 7 of its levels.
You also visited: Ossuary and Bailey.

You collected 74 gold pieces.

Inventory:

Hand Weapons
 a - a +0 vorpal hand axe (weapon)
 f - a +4 flail of holy wrath
Missiles
 Z - 5 throwing nets (quivered) {!f}
Armour
 d - a +0 helmet (worn)
 h - a +0 chain mail (worn)
 l - a +0 kite shield (worn)
 n - a +0 cloak (worn)
Jewellery
 g - an uncursed ring of resist corrosion
 m - a ring of protection from magic (right hand)
 y - a +4 ring of slaying (left hand)
Wands
 D - a wand of digging (3)
 P - a wand of paralysis (9)
Scrolls
 c - a scroll of fog
 e - a scroll of fear
 W - 5 scrolls of remove curse {@r2}
Potions
 j - 2 potions of berserk rage {unknown}
 k - a potion of stabbing {unknown}
 p - a potion of flight {unknown}
 q - a potion of mutation
 r - a potion of lignification {unknown}
 H - 5 potions of haste {@q3}
 Q - 2 potions of curing {@q1}


   Skills:
 - Level 4.0 Fighting
 - Level 11.5 Axes
 + Level 6.4 Armour
 - Level 3.0 Dodging
 - Level 6.0 Stealth
 * Level 1.2 Invocations


You had 8 spell levels left.
You didn't know any spells.
Your spell library was empty.

Dungeon Overview and Level Annotations

Branches:
Dungeon (9/15)            Ossuary (visited)          Bailey (1/1)
 Temple: D:4-7         Lair: D:8-11         Orc: D:9-12

Altars:
Makhleb
Okawaru
Xom


Innate Abilities, Weirdness & Mutations

You are resistant to damage.
You can heal yourself by infusing magical energy.
You passively map the area around you.
You do not regenerate.
You have sharp toenails.
You are somewhat resistant to further mutation.


Message History

* * * LOW HITPOINT WARNING * * *
The gnoll shaman hits you but does no damage.
The gnoll sergeant hits you with a +0 halberd!
* * * LOW HITPOINT WARNING * * *
You block the gnoll sergeant's attack.
There is an open door, spattered with blood here.
You feel much better. The gnoll hits you but does no damage.
The gnoll shaman hits you with a +0 halberd.
The gnoll sergeant hits you but does no damage.
You hit the gnoll sergeant but do no damage.
You claw the gnoll sergeant, but do no damage.
You hit the gnoll shaman.
The gnoll hits you from afar with a +0 halberd!
You block the gnoll shaman's attack.
The gnoll sergeant hits you with a +0 halberd!
* * * LOW HITPOINT WARNING * * *
The gnoll sergeant hits you from afar with a +0 halberd.
You fail to use your ability.
You block the gnoll's attack.
The gnoll shaman hits you with a +0 halberd!
You die...

* ♣♣♣♣♣♣♣♣♣****
* ≈ ≈ ≈≈≈≈≈≈≈≈
≈≈ ...... ≈ ,
..... , ≈ *≈
,#####...#####
≈
,##...#...#...#
≈ *≈
#....g...g....
* * , #.g.# ,*
*8 ,, ##@## *
##.g.## *≈
,##.....##, ,*≈
≈ , #.......#,,
*≈ *'#...8)..#
* , #.))....# ≈
,##.))).## ≈
##)))##, * * ,
##)##,, 8 ≈


You could see 2 gnoll sergeants, a gnoll shaman and a gnoll.

Vanquished Creatures
  Psyche Grinder Edmund
  A water moccasin
  2 ogres
  A centaur
  5 gnoll sergeants
  A bullfrog
  A wyvern zombie
  3 water moccasin zombies
  3 howler monkeys
  A jelly
  3 hounds
  4 gnoll shamans
  3 orc priests
  2 iguanas
  6 orc wizards
  3 worker ants
  4 big kobold zombies
  A hound skeleton
  3 mummies
  4 adders
  11 gnolls
  An ufetubus
  7 adder zombies
  2 dart slugs
  11 orcs
  3 gnoll zombies
  3 jackals
  A goblin zombie
  3 hobgoblin zombies
  A jackal zombie
  7 kobold zombies
  5 orc zombies
  A quokka zombie
110 creatures vanquished.

Notes
Turn   | Place    | Note
-------+----------+-------------------------------------------
     0 | D:5      | Hypoxia the Deep Dwarf Delver began the quest for the Orb.
     0 | D:5      | Reached XP level 1. HP: 20/20 MP: 1/1
     1 | D:6      | Noticed a hound
     1 | D:6      | Noticed an orc priest
    21 | D:5      | Killed a hound
    21 | D:5      | Reached skill level 4 in Axes
    21 | D:5      | Reached XP level 2. HP: 12/27 MP: 2/2
    21 | D:5      | Reached XP level 3. HP: 14/33 MP: 3/3
    34 | D:6      | Reached XP level 4. HP: 26/40 MP: 2/2
    53 | D:6      | Reached skill level 5 in Axes
    86 | D:4      | Noticed Edmund
   139 | D:4      | Reached XP level 5. HP: 46/46 MP: 3/3
   186 | D:4      | Killed Edmund
   186 | D:4      | Reached skill level 3 in Fighting
   186 | D:4      | Reached skill level 6 in Axes
   186 | D:4      | Reached skill level 3 in Dodging
   213 | D:4      | Reached XP level 6. HP: 28/56 MP: 2/2
   287 | D:4      | HP: 10/56 [something/magic dart (7)]
   302 | D:4      | HP: 11/56 [something/magic dart (6)]
   317 | D:4      | Reached skill level 7 in Axes
   362 | D:4      | Noticed Grinder
   371 | D:4      | Killed Grinder
   371 | D:4      | Reached skill level 2 in Armour
   371 | D:4      | Reached XP level 7. HP: 35/62 MP: 3/3
   374 | D:4      | Gained mutation: You are somewhat resistant to further
                  | mutation. [potion of mutation]
   374 | D:4      | Gained mutation: You have sharp toenails. [potion of
                  | mutation]
   430 | D:5      | Reached skill level 8 in Axes
   430 | D:5      | Reached skill level 3 in Armour
   440 | D:5      | Found a burning altar of Makhleb.
   442 | D:5      | Noticed a green death
   446 | D:5      | Noticed a ynoxinul
   446 | D:5      | Noticed a neqoxec
   448 | D:5      | Became a worshipper of Makhleb the Destroyer
   465 | D:4      | Reached skill level 4 in Armour
   624 | D:7      | Found a sand-covered staircase.
   633 | Ossuary  | Entered an ossuary
   733 | Ossuary  | Reached * piety under Makhleb
   733 | Ossuary  | Reached XP level 8. HP: 57/69 MP: 4/4
   771 | Ossuary  | Reached skill level 9 in Axes
   943 | D:7      | Found a shimmering altar of Xom.
  1007 | D:9      | Reached skill level 4 in Fighting
  1007 | D:9      | Reached skill level 10 in Axes
  1067 | D:9      | Noticed Psyche
  1071 | D:9      | Reached ** piety under Makhleb
  1071 | D:9      | Reached skill level 5 in Armour
  1090 | D:9      | Killed Psyche
  1090 | D:9      | Gained mutation: You passively map the area around you.
                  | [Deep Dwarf growth]
  1090 | D:9      | Reached XP level 9. HP: 56/78 MP: 4/4
  1129 | D:9      | Found an iron altar of Okawaru.
  1138 | D:9      | Found a flagged portal.
  1147 | Bailey   | Entered a bailey
  1173 | Bailey   | Reached skill level 11 in Axes
  1186 | Bailey   | Reached skill level 6 in Armour
  1297 | Bailey   | Reached skill level 1 in Invocations
  1299 | Bailey   | HP: 14/78 [gnoll sergeant/+0 halberd (3)]
  1303 | Bailey   | Slain by a gnoll shaman

Illustrated notes

Levels and vault maps discovered:
D:3:      layout_basic, chequers_ecumenical_altar_simple,
          ebering_dispersal_statue_hall, uniq_ijyb
D:4:      layout_gridville, serial_shops, shop_fountains, abandoned_shop,
          grunt_ministairs_9, uniq_grinder, uniq_edmund
D:5:      layout_cave_pods, makhleb_altar_promises_db
D:6:      layout_loops_ring, minmay_temple_entry_glass, skrybe_limestone_x,
          dk_noncrumbling_3, uniq_eustachio, uniq_pikel, uniq_prince_ribbit1
D:7:      layout_loops_corners, lemuel_doored_altar, brannock_xom_greatest_gift,
          nicolae_ossuary_entry_giza
D:8:      layout_basic
D:9:      layout_cave_pods, okawaru_trees_2, enter_bailey_1, uniq_psyche
Bailey:   bailey_polearm_gnolls_kennysheep, bailey

Skill      XL: |  1  2  3  4  5  6  7  8  9 |
---------------+----------------------------+-----
Axes           | 4 5 6 7 8 10 11 | 11.5
Fighting       | 3 4 |  4.0
Dodging        | 3 |  3.0
Armour         | 2 4 5 6 |  6.4
Invocations    | 1 |  1.2
Stealth        | |  6.0

Action                   |  1- 3 |  4- 6 |  7- 9 || total
-------------------------+-------+-------+-------++-------
Melee: Hand axe          |    20 |   132 |   294 ||   446
       Flail             |       |     9 |    11 ||    20
       Kick              |       |       |   118 ||   118
Invok: Minor Destruction |       |       |     1 ||     1
 Abil: Heal Wounds       |     2 |    12 |    11 ||    25
  Use: Potion            |       |     1 |     2 ||     3
       Scroll            |       |     2 |     6 ||     8
 Stab: Sleeping          |       |     1 |       ||     1
       Invisible         |       |       |     1 ||     1
Armor: Leather armour    |     7 |    15 |       ||    22
       Chain mail        |       |     2 |   275 ||   277
Dodge: Dodged            |    20 |    67 |   172 ||   259
Block: Kite shield       |       |       |    65 ||    65

Table legend: (Time is in decaauts)
 A = Elapsed time spent in this place.
 B = Non-inter-level travel time spent in this place.
 C = Inter-level travel time spent in this place.
 D = Time resting spent in this place.
 E = Time spent auto-exploring this place.
 F = Levels seen in this place.
 G = Mean time per level.
                   A        B        C        D        E       F      G
               +--------+--------+--------+--------+--------+-----+--------+
         Total |   1270 |   1270 |      0 |      0 |      0 |   9 |  141.1 |
       Dungeon |    939 |    939 |      0 |      0 |      0 |   7 |  134.1 |
       Ossuary |    189 |    189 |      0 |      0 |      0 |   1 |  189.0 |
        Bailey |    141 |    141 |      0 |      0 |      0 |   1 |  141.0 |
               +--------+--------+--------+--------+--------+-----+--------+

Top non-repeatable levels by time:
     D:4: 326 daAuts
 Ossuary: 189 daAuts
     D:7: 185 daAuts
  Bailey: 141 daAuts
     D:5: 139 daAuts
     D:9: 136 daAuts
     D:6: 126 daAuts
     D:8: 18 daAuts
     D:3: 6 daAuts
